 Dungeon Crawl Stone Soup version 0.30.1-3-gfc49f6343a (webtiles) character file.

Game seed: 3111064708107644744

188 Fodor the Covered (level 5, -7/47 HPs)
             Began as a Minotaur Fighter on July 20, 2023.
             Mangled by Terence
             ... wielding a +1 heavy flail
              (9 damage)
             ... on level 3 of the Dungeon.
             The game lasted 00:11:28 (3085 turns).

Fodor the Covered (Minotaur Fighter)                Turns: 3085, Time: 00:11:30

Health: -7/47      AC:  7    Str: 20    XL:     5   Next: 39%
Magic:  4/4        EV:  9    Int:  7    God:
Gold:   152        SH:  4    Dex: 10    Spells: 4/4 levels left

rFire   . . .        a - +0 long sword
rCold   . . .        c - +0 buckler
rNeg    . . .        b - +0 scale mail
rPois   .            (helmet restricted)
rElec   .            (no cloak)
rCorr   .            (no gloves)
SInv    .            (no boots)
Will    .....        (no amulet) Stlth
                     (no ring)
HPRegen 0.27/turn    (no ring)
MPRegen 0.09/turn

%: no passive effects
@: no status effects
A: horns 2, retaliatory headbutt
a: no special abilities


You were on level 3 of the Dungeon.
You visited 1 branch of the dungeon, and saw 3 of its levels.

You collected 152 gold pieces.

Inventory:

Hand Weapons
 a - a +0 long sword (weapon)
Missiles
 m - 2 silver javelins (quivered)
Armour
 b - a +0 scale mail (worn)
 c - a +0 buckler (worn)
Scrolls
 e - 3 scrolls of teleportation {unknown}
 f - 3 scrolls of identify {unknown}
 i - a scroll of enchant armour {unknown}
 k - a scroll of poison {unknown}
Potions
 d - 2 potions of might
 g - 2 potions of magic {unknown}
 h - a potion of brilliance {unknown}
 j - a potion of degeneration {unknown}
 l - a potion of haste {unknown}


   Skills:
 + Level 4.7 Fighting
 + Level 4.0 Long Blades
 + Level 5.0 Armour
 + Level 1.2 Dodging
 + Level 4.2 Shields


You had 4 spell levels left.
You didn't know any spells.
Your spell library contained the following spells:

 Spells                   Type           Power      Damage    Failure   Level
 Shock                    Conj/Air       0%         1d3       83%         1
 Swiftness                Air            0%         N/A       99%         3
 Airstrike                Air            0%         2d(0-16)  100%        4


Dungeon Overview and Level Annotations

Branches:
Dungeon (3/15)

Altars:
Yredelemnul

Shops:
D:2 (

Annotations:
D:3 Terence


Innate Abilities, Weirdness & Mutations

You have a pair of horns on your head.
You reflexively headbutt those who attack you in melee.


Message History

The orc wizard mumbles some strange words.
The orc wizard flickers and vanishes!
Deactivating autopickup; reactivate with Ctrl-A.
Terence barely misses you.
The orc priest hits you but does no damage.
You hit Terence. You headbutt Terence.
Terence is lightly wounded.
The orc hits you but does no damage. The orc priest barely misses you.
You furiously retaliate!
You headbutt the orc priest. Terence closely misses you.
The orc hits you but does no damage.
The orc priest miscasts a cantrip.
You slash Terence!
Terence is heavily wounded.
The orc hits you with a +0 club. The orc priest misses you.
You furiously retaliate!
You headbutt the orc priest, but do no damage.
Terence hits you with a +1 heavy flail!
You hit Terence but do no damage.
Terence is heavily wounded.
The orc barely misses you.
The orc priest hits you but does no damage.
You block Terence's attack.
You hit Terence.
Terence is heavily wounded.
The orc hits you with a +0 club.
* * * LOW HITPOINT WARNING * * *
The orc priest hits you but does no damage.
You hit Terence. Your headbutt misses Terence.
Terence is severely wounded.
The orc barely misses you. Terence hits you with a +1 heavy flail!
* * * LOW HITPOINT WARNING * * *
The orc priest barely misses you.
You hit Terence but do no damage.
Terence is severely wounded.
You block the orc's attack.
You hear some strange, mumbled words.
Something tries to affect you, but you resist.
The orc priest mumbles some strange prayers to Beogh against you.
You barely resist. Terence hits you with a +1 heavy flail!
You die...

#...# #...# #....
.. #...# ... #...#
##... #####...#
#....
.#....o@.####..#
.....oo@......#
####..#####..######
#. ###........ ..
#...#...... #.
#.####..... #. ##.#
..... # #..# ....
############ #.##
.... ..P......P.#
#.# ###


You could see Terence, an orc priest and 2 orcs.

Vanquished Creatures
  An orc priest (D:3)
  7 gnolls
  3 adders (D:2)
  2 adder zombies (D:3)
  2 worms (D:3)
  A dart slug (D:1)
  5 orcs (D:3)
  A ball python (D:2)
  3 endoplasms
  A giant cockroach (D:1)
  3 goblins
  4 hobgoblins
  A quokka (D:2)
  9 bats
  A frilled lizard (D:1)
  3 kobolds
  7 rats
54 creatures vanquished.

Notes
Turn   | Place    | Note
-------+----------+-------------------------------------------
     0 | D:1      | Fodor the Minotaur Fighter began the quest for the Orb.
     0 | D:1      | Reached XP level 1. HP: 19/19 MP: 0/0
   291 | D:1      | Reached XP level 2. HP: 21/27 MP: 1/1
   558 | D:1      | Reached skill level 4 in Armour
  1098 | D:2      | Reached XP level 3. HP: 24/33 MP: 2/2
  2093 | D:2      | Reached XP level 4. HP: 40/40 MP: 3/3
  2516 | D:2      | Found Epan's Antique Weapon Emporium.
  2736 | D:3      | Found a basalt altar of Yredelemnul.
  2740 | D:3      | Reached XP level 5. HP: 47/47 MP: 4/4
  2869 | D:3      | Reached skill level 5 in Armour
  2875 | D:3      | Reached skill level 1 in Dodging
  2875 | D:3      | HP: 1/47 [rat (2)]
  3073 | D:3      | Noticed Terence
  3084 | D:3      | HP: 1/47 [Terence/+1 heavy flail (13)]
  3085 | D:3      | Mangled by Terence

Illustrated notes

Levels and vault maps discovered:
D:1:      dpeg_arrival_short_road, layout_basic
D:2:      layout_basic, serial_shops, shop, grunt_decor_cap
D:3:      layout_rooms, lemuel_zombie_altar_yredelemnul,
          nemelex_spade_bored_becter, serial_aquarium, aquarium_bridge_square
          [aquarium_subvault_window, aquarium_subvault_window,
          aquarium_subvault_bridge, aquarium_subvault_wall],
          aquarium_bridge_square [aquarium_subvault_window,
          aquarium_subvault_bridge, aquarium_subvault_bridge,
          aquarium_subvault_bridge], aquarium_window_corridor_3,
          aquarium_window_fake, aquarium_window_1, aquarium_view_2d,
          aquarium_view_2b, aquarium_balcony_5a, uniq_terence, uniq_jessica

Skill      XL: |  1  2  3  4  5 |
---------------+----------------+-----
Shields        | 4 |  4.2
Armour         | 4 5 |  5.0
Fighting       | 4 |  4.7
Long Blades    | 3 4 |  4.0
Dodging        | 1 |  1.2

Action                     |  1- 3 |  4- 6 || total
---------------------------+-------+-------++-------
  Melee: Long sword        |    67 |    67 ||   134
         Headbutt          |    11 |     9 ||    20
 Armour: Scale mail        |    40 |    38 ||    78
  Dodge: Dodged            |    51 |    35 ||    86
  Block: Buckler           |    26 |    18 ||    44
